 Dungeon Crawl Stone Soup version 0.30-a0-860-g512cf1e979 (webtiles) character file.

Game seed: 14896735699457977290

76498 cforsyth the Eclecticist (level 15, -5/93 HPs)
             Began as a Deep Elf Earth Elementalist on Mar 7, 2023.
             Was a High Priest of Vehumet.
             Slain by Agnes
             ... wielding a +5 lajatang of electrocution
              (28 damage)
             ... on level 14 of the Dungeon.
             The game lasted 01:02:13 (28083 turns).

cforsyth the Eclecticist (DEEE)                    Turns: 28083, Time: 01:02:14

Health: -5/93      AC: 16    Str:  5    XL:     15   Next: 12%
Magic:  14/37      EV: 21    Int: 31    God:    Vehumet [*****.]
Gold:   2570       SH:  0    Dex: 11    Spells: 25/47 levels left

rFire   . . .      SeeInvis .    (no weapon)
rCold   . . .      Faith    .    m - orb {light}
rNeg    + . .      Spirit   .    q - +7 leather armour of the Tormentor {rN+ Will+ Int+3 Dex-4}
rPois   .          Reflect  .    C - +2 hat
rElec   .          Rampage  .    J - +2 cloak
rCorr   .                        P - +0 pair of gloves
Will    +++..                    (no boots)
Stlth   +                        o - amulet of regeneration
HPRegen 1.15/turn                y - +5 ring of evasion
MPRegen 0.25/turn                L - ring of willpower

@: glowing
A: no striking features
a: Renounce Religion


You were on level 14 of the Dungeon.
You worshipped Vehumet.
Vehumet was extremely pleased with you.
You visited 4 branches of the dungeon, and saw 22 of its levels.
You also visited: Ice Cave.

You collected 2570 gold pieces.

Inventory:

Missiles
 F - 2 throwing nets
Armour
 m - an orb of light (worn)
 q - the +7 leather armour of the Tormentor (worn) {rN+ Will+ Int+3 Dex-4}
   (You found it on level 5 of the Dungeon)

   Int:       It affects your intelligence (+3).
   Dex:       It affects your dexterity (-4).
   rN:        It protects you from negative energy.
   Will:      It increases your willpower.
 C - a +2 hat (worn)
 J - a +2 cloak (worn)
 P - a +0 pair of gloves (worn)
Jewellery
 o - an amulet of regeneration (around neck)
 v - a ring of see invisible
 y - a +5 ring of evasion (left hand)
 B - an amulet of reflection
 K - a ring of fire
 L - a ring of willpower (right hand)
 O - an amulet of the acrobat
Wands
 d - a wand of charming (8)
 n - a wand of iceblast (4)
 t - a wand of digging (4)
Scrolls
 a - a scroll of acquirement
 e - 2 scrolls of summoning
 f - 5 scrolls of teleportation
 i - 2 scrolls of magic mapping
 k - 3 scrolls of fog
 p - 2 scrolls of poison
 r - 3 scrolls of torment
 s - 3 scrolls of immolation
 A - 3 scrolls of amnesia
 D - 3 scrolls of fear
 H - 2 scrolls of blinking
 I - 4 scrolls of enchant armour
 M - 2 scrolls of vulnerability
 R - a scroll of silence
Potions
 b - a potion of magic
 c - 2 potions of haste
 g - 2 potions of curing
 h - 5 potions of invisibility
 j - 4 potions of resistance
 l - 6 potions of flight
 u - 2 potions of cancellation
 w - 4 potions of might
 x - 3 potions of lignification
 z - 3 potions of attraction
 E - 2 potions of mutation
 G - 5 potions of berserk rage
 Q - a potion of heal wounds


   Skills:
 - Level 10.6 Fighting
 - Level 15.0 Dodging
 - Level 2.4 Stealth
 - Level 16.7 Spellcasting
 - Level 10.0 Conjurations
 + Level 6.0 Summonings
 - Level 1.1 Transmutations
 - Level 14.4 Earth Magic


You had 25 spell levels left.
You knew the following spells:

 Your Spells              Type           Power      Damage    Failure   Level
a - Sandblast             Erth           100%       2d20      0%          1
b - Stone Arrow           Conj/Erth      100%       3d13      1%          3
c - Petrify               Tmut/Erth      65%        N/A       1%          4
d - Mephitic Cloud        Conj/Pois/Air  46%        N/A       1%          3
e - Spellforged Servitor  Conj/Summ      33%        N/A       22%         7
f - Iskenderun's Mystic   Conj/Tloc      54%        2d12      1%          4

Your spell library contained the following spells:

 Spells                   Type           Power      Damage    Failure   Level
 Yara's Violent Unravell  Hex/Tmut       14%        3d7       16%         5
 Freeze                   Ice            100%       1d10      1%          1
 Shock                    Conj/Air       100%       1d9       1%          1
 Passwall                 Tmut/Erth      54%        N/A       1%          2
 Hailstorm                Conj/Ice       54%        3d12      1%          3
 Ignite Poison            Fire/Tmut/Pois 28%        N/A       1%          3
 Animate Armour           Summ/Erth      100%       N/A       1%          4
 Frozen Ramparts          Ice            50%        1d8       2%          3
 Kindle Blastsparks       Fire/Tloc/Air  50%        2d14      2%          3
 Ensorcelled Hibernation  Hex/Ice        50%        N/A       4%          2
 Freezing Cloud           Conj/Ice/Air   23%        6-21      5%          5
 Airstrike                Air            12%        2d(2-18)  7%          4
 Swiftness                Air            25%        N/A       9%          3
 Statue Form              Tmut/Erth      43%        N/A       17%         6
 Ice Form                 Ice/Tmut       29%        N/A       22%         4
 Summon Forest            Summ/Tloc      22%        N/A       22%         5
 Summon Mana Viper        Hex/Summ       44%        N/A       22%         5
 Passage of Golubria      Tloc           25%        N/A       26%         4
 Lehudib's Crystal Spear  Conj/Erth      40%        10d10     30%         8
 Summon Cactus Giant      Summ           29%        N/A       34%         6
 Metabolic Englaciation   Hex/Ice        12%        N/A       58%         5
 Silence                  Hex/Air        12%        N/A       58%         5
 Simulacrum               Ice/Necr       12%        N/A       99%         6


Dungeon Overview and Level Annotations

Branches:
Dungeon (14/15)            Temple (1/1) D:7            Lair (5/5) D:9
 Shoals (0/4) Lair:2       Spider (0/4) Lair:3        Slime (0/5) Lair:4
    Orc (2/2) D:12            Elf (0/3) Orc:2        Vaults (0/5) D:13
  IceCv (visited)

Altars:
Ashenzari
Cheibriados
Dithmenos
Elyvilon
Fedhas
Gozag
Hepliaklqana
Kikubaaqudgha
Makhleb
Nemelex Xobeh
Okawaru
Qazlal
Ru
Sif Muna
Trog
Uskayaw
Vehumet
Wu Jian
Xom
Yredelemnul
Zin
The Shining One
Jiyva

Shops:
D:1 =

Portals:
Trove: D:12 (give 5 potions of resistance)

Annotations:
D:11 2 transporters, DiggyJ's ghost, journeyman HOBe
D:14 Agnes
Lair:5 3 runed translucent doors, NotreDorf's ghost, journeyman MiBe
Orc:2 Donald


Message History

The stone arrow misses Agnes.
Casting: Stone Arrow (safe; 1% risk of failure)
Confirm with . or Enter, or press ? or * to list all spells.
Aiming: Stone Arrow (safe; 1% risk of failure)
Press: ? - help, Shift-Dir - straight line, f/p - Agnes
Aim: Agnes, wielding a +5 lajatang of electrocution and wearing a +1 robe of resistance (haloed, 63% to hit)
The stone arrow hits Agnes!!
Agnes is lightly wounded.
Agnes hits you with a +5 lajatang of electrocution!!
You are electrocuted!!
Casting: Stone Arrow (safe; 1% risk of failure)
Confirm with . or Enter, or press ? or * to list all spells.
Aiming: Stone Arrow (safe; 1% risk of failure)
Press: ? - help, Shift-Dir - straight line, f/p - Agnes
Aim: Agnes, wielding a +5 lajatang of electrocution and wearing a +1 robe of resistance (lightly wounded, haloed, 63% to hit)
The stone arrow misses Agnes.
Agnes completely misses you. x2
Casting: Stone Arrow (safe; 1% risk of failure)
Confirm with . or Enter, or press ? or * to list all spells.
You erupt in a blast of force!
The mystic blast hits Agnes!
Agnes is moderately wounded.
You hear a horrible gurgling sound!
Agnes barely misses you.
Agnes hits you with a +5 lajatang of electrocution!!
You are electrocuted!
* * * LOW HITPOINT WARNING * * *
Casting: Iskenderun's Mystic Blast (mildly dangerous; 1% risk of failure)
Confirm with . or Enter, or press ? or * to list all spells.
You erupt in a blast of force!
The mystic blast hits Agnes.
Agnes is heavily wounded.
You hear a horrible gurgling sound!
Agnes hits you with a +5 lajatang of electrocution.
* * * LOW HITPOINT WARNING * * *
Agnes barely misses you.
Casting: Iskenderun's Mystic Blast (mildly dangerous; 1% risk of failure)
Confirm with . or Enter, or press ? or * to list all spells.
You erupt in a blast of force!
The mystic blast hits Agnes!
Agnes is heavily wounded.
Agnes barely misses you.
Agnes hits you with a +5 lajatang of electrocution!!
You die...

......##,* *,**,****,****
......#*,****,*#..,,,,,,,*
.........,,,*,*#.#***,*,**
.......#..,,*,,...,**,*,*
#+#....######**#.#***,*,*
#.#.##.......,,..#,,,,*,*
#.#.##....#.#*,#.#,**,*,*
#.#.##....#.#*,#i#,,*,*,*
#.........#.#*,#@#,,***,*
#...........##,#.#,,,,,,*
#...........u#,#.#*******
#.........##.#,#.#
#.......u###u#,#.#
#.#####..# #†#,#.# #.#
###..###u#,#.# #.#
#....#<..#,#.#
#.###.#..#####,#.#


You could see Agnes.

Vanquished Creatures
  Rupert (Orc:2)
  A fire dragon (Lair:5)
  Harold (D:9)
  An ogre mage (Orc:1)
  3 hydras
  4 boulder beetles
  2 centaur warriors (D:13)
  A two-headed ogre (Orc:1)
  9 death yaks
  2 orc high priests (Orc:2)
  A skyshark (Lair:4)
  A deep elf knight (D:13)
  A swamp dragon (Lair:5)
  3 lindwurms
  An orc knight (D:13)
  A spriggan simulacrum (D:14)
  2 deep elf zephyrmancers
  A manticore (D:13)
  11 ugly things
  2 deep elf pyromancers
  8 elephants
  4 cyclopes
  2 orc sorcerers (Orc:2)
  6 black mambas
  Maurice (D:12)
  A gargoyle (D:14)
  5 torpor snails
  2 unseen horrors
  6 komodo dragons
  An efreet (D:14)
  2 rime drakes (Lair:5)
  16 cane toads
  A tengu conjurer (D:14)
  An anaconda simulacrum (D:14)
  4 red devils (D:14)
  3 polar bears
  6 trolls
  2 hornets (D:7)
  Grinder (D:6)
  16 blink frogs
  8 dream sheep (Lair:5)
  5 slime creatures (D:13)
  4 shadows
  62 yaks
  A wraith (D:11)
  9 wyverns
  2 fire bats (Lair:3)
  7 basilisks
  3 minotaur simulacra (D:14)
  10 vampire mosquitoes
  3 steam dragons (Lair:5)
  A warg (Orc:2)
  10 water moccasins
  4 acid dragons
  A swamp drake (Lair:5)
  A sky beast (D:7)
  20 orc warriors
  8 ogres
  3 black bears
  6 ice beasts
  A boggart (D:13)
  11 centaurs
  4 wolves
  A phantom (D:4)
  7 kobold brigands
  12 bullfrogs
  2 gnoll sergeants
  3 scorpions
  3 deep troll simulacra (D:14)
  4 wights (D:9)
  10 killer bees (D:9)
  2 electric eels (D:10)
  6 howler monkeys
  A jelly (D:4)
  A gnoll bouda (D:7)
  6 hounds
  19 orc priests
  7 iguanas
  23 orc wizards
  12 gnolls
  5 adders
  A shadow imp (D:6)
  9 white imps
  3 ufetubi
  2 worms
  3 dart slugs
  53 orcs
  5 ball pythons
  7 bats
  8 endoplasms
  3 giant cockroaches
  4 goblins
  5 hobgoblins
  2 quokkas
  10 frilled lizards
  21 kobolds
  2 rats
583 creatures vanquished.

Vanquished Creatures (collateral kills)
  An ugly thing (D:14)
  A komodo dragon (Lair:3)
2 creatures vanquished.

Vanquished Creatures (others)
  A bush (D:10)
  21 fungi
  58 plants
  6 toadstools (D:7)
86 creatures vanquished.

Grand Total: 671 creatures vanquished

Notes
Turn   | Place    | Note
-------+----------+-------------------------------------------
     0 | D:1      | cforsyth the Deep Elf Earth Elementalist began the quest
                  | for the Orb.
     0 | D:1      | Reached XP level 1. HP: 10/10 MP: 6/6
    64 | D:1      | Found Noraczi's One-of-a-Kind Rings.
   273 | D:1      | Reached XP level 2. HP: 15/15 MP: 3/8
   677 | D:1      | Reached skill level 4 in Spellcasting
   814 | D:1      | Reached XP level 3. HP: 19/19 MP: 4/10
  1671 | D:2      | Found a sacrificial altar of Ru.
  1980 | D:3      | Reached XP level 4. HP: 24/24 MP: 9/12
  2357 | D:3      | Reached skill level 5 in Spellcasting
  2497 | D:4      | Noticed a black bear
  2500 | D:4      | Killed a black bear
  2501 | D:4      | Reached skill level 5 in Earth Magic
  2501 | D:4      | Reached XP level 5. HP: 28/28 MP: 11/15
  2564 | D:4      | Reached skill level 6 in Spellcasting
  2630 | D:4      | Noticed a phantom
  2634 | D:4      | Killed a phantom
  2635 | D:4      | Reached XP level 6. HP: 27/32 MP: 11/17
  3171 | D:5      | Entered Level 5 of the Dungeon
  3174 | D:5      | Identified the +7 leather armour of the Tormentor {rN+
                  | Will+ Int+3 Dex-4}
  3270 | D:5      | Reached skill level 7 in Spellcasting
  3390 | D:5      | Reached XP level 7. HP: 32/36 MP: 16/20
  3532 | D:5      | Reached skill level 8 in Spellcasting
  3903 | D:6      | Reached skill level 9 in Spellcasting
  3903 | D:6      | Reached XP level 8. HP: 36/41 MP: 18/23
  4062 | D:6      | Noticed Grinder
  4068 | D:6      | Killed Grinder
  4069 | D:6      | Reached skill level 10 in Spellcasting
  4240 | D:7      | Noticed a hornet
  4243 | D:7      | Killed a hornet
  4318 | D:7      | Noticed a hornet
  4321 | D:7      | Paralysed by a hornet for 1 turns
  4322 | D:7      | Killed a hornet
  4323 | D:7      | Reached skill level 11 in Spellcasting
  4323 | D:7      | Reached XP level 9. HP: 33/45 MP: 22/26
  4831 | D:7      | Noticed an unseen horror
  4836 | D:7      | Killed an unseen horror
  4837 | D:7      | Reached skill level 10 in Earth Magic
  5205 | D:8      | Reached skill level 12 in Spellcasting
  5691 | D:8      | Found a burning altar of Makhleb.
  5695 | D:8      | Found a hazy altar of Hepliaklqana.
  6213 | D:7      | Found a staircase to the Ecumenical Temple.
  6224 | Temple   | Entered the Ecumenical Temple
  6224 | Temple   | Found a transporter.
  6224 | Temple   | Found a transporter.
  6226 | Temple   | Found a transporter.
  6226 | Temple   | Found a transporter.
  6246 | Temple   | Became a worshipper of Vehumet
  6327 | D:9      | Learned a level 3 spell: Stone Arrow
  6335 | D:8      | Learned a level 4 spell: Petrify
  6347 | D:9      | Noticed Harold
  6585 | D:9      | Reached skill level 13 in Spellcasting
  6673 | D:9      | Killed Harold
  6674 | D:9      | Reached XP level 10. HP: 25/50 MP: 4/29
  6967 | D:9      | Reached skill level 14 in Spellcasting
  7223 | D:9      | Found a staircase to the Lair.
  7264 | D:9      | Reached * piety under Vehumet
  7264 | D:9      | Offered knowledge of Shock by Vehumet.
  7551 | D:10     | Entered Level 10 of the Dungeon
  7568 | D:9      | Reached skill level 15 in Spellcasting
  7900 | D:10     | Reached XP level 11. HP: 34/54 MP: 9/32
  8019 | D:10     | Offered knowledge of Freeze by Vehumet.
  8154 | D:10     | Reached ** piety under Vehumet
  8404 | D:10     | Reached skill level 16 in Spellcasting
  8569 | D:10     | Offered knowledge of Hailstorm by Vehumet.
  8613 | D:10     | Found a sparkling altar of Nemelex Xobeh.
  9246 | D:11     | Reached skill level 1 in Fighting
  9671 | D:11     | Found a transporter.
  9672 | D:11     | Found a transporter.
  9674 | D:11     | Identified the +7 dire flail "Ceidwy" {heavy, rPois Will+
                  | Int+3}
  9674 | D:11     | Identified the +1 great mace of Sharkskin {heavy, rF+ rCorr
                  | Dex-5}
  9674 | D:11     | Noticed a two-headed ogre
  9675 | D:11     | Noticed DiggyJ's ghost (journeyman HOBe)
  9675 | D:11     | Noticed a two-headed ogre
  9956 | D:11     | Noticed a two-headed ogre
  9958 | D:11     | Noticed a two-headed ogre
 10074 | D:12     | Reached skill level 5 in Dodging
 10322 | D:12     | Noticed a cyan ugly thing
 10327 | D:12     | Killed a cyan ugly thing
 10477 | D:12     | Noticed a boulder beetle
 10519 | D:12     | Killed a boulder beetle
 10519 | D:12     | Reached *** piety under Vehumet
 10706 | D:12     | Found a staircase to the Orcish Mines.
 10822 | D:12     | Noticed Maurice
 10826 | D:12     | Reached XP level 12. HP: 60/66 MP: 31/34
 10832 | D:12     | Killed Maurice
 10933 | D:12     | Identified the +6 storm dragon scales of the Illusory
                  | Emperors {rElec rF- rC+++ Int+4 SInv}
 11014 | D:12     | Offered knowledge of Mephitic Cloud by Vehumet.
 11019 | D:12     | Learned a level 3 spell: Mephitic Cloud
 11132 | D:12     | Noticed a boulder beetle
 11727 | D:12     | Found a portal to a secret trove of treasure.
 11996 | Lair:1   | Entered Level 1 of the Lair of Beasts
 12055 | Lair:1   | Reached skill level 5 in Fighting
 12553 | Lair:1   | Reached **** piety under Vehumet
 13143 | Lair:2   | Offered knowledge of Fireball by Vehumet.
 13150 | Lair:2   | Noticed a four-headed hydra
 13419 | Lair:2   | Killed a four-headed hydra
 13420 | Lair:2   | Reached skill level 10 in Dodging
 13581 | Lair:2   | Identified the amulet "Ogohuopn" {-Tele rN+++ Regen+ Int+7
                  | Dex-3}
 13741 | Lair:2   | Identified the +2 leather armour "Labaig" {rF+ rC+}
 14180 | Lair:2   | Found a staircase to the Shoals.
 14346 | Lair:3   | Reached XP level 13. HP: 76/76 MP: 35/35
 14601 | Lair:3   | Identified a scroll of acquirement
 14612 | Lair:3   | Found a hole to the Spider Nest.
 14807 | Lair:3   | Reached ***** piety under Vehumet
 14976 | Lair:3   | Offered knowledge of Spellforged Servitor by Vehumet.
 15473 | Lair:3   | You fall into a shaft and drop 2 floors!
 15473 | Lair:5   | Entered Level 5 of the Lair of Beasts
 15830 | Lair:4   | Found a viscous altar of Jiyva.
 15831 | Lair:4   | Found a staircase to the Slime Pits.
 17970 | Lair:5   | Found a runed translucent gate.
 17970 | Lair:5   | Found a runed translucent gate.
 17970 | Lair:5   | Found a runed translucent gate.
 17971 | Lair:5   | Noticed NotreDorf's ghost (journeyman MiBe)
 18736 | Lair:5   | Reached skill level 10 in Fighting
 19308 | Lair:5   | Reached XP level 14. HP: 88/88 MP: 24/36
 20527 | Lair:5   | Reached skill level 15 in Dodging
 21013 | Orc:1    | Entered Level 1 of the Orcish Mines
 21024 | D:12     | Learned a level 7 spell: Spellforged Servitor
 21218 | D:12     | Reached skill level 1 in Conjurations
 22434 | Orc:2    | Entered Level 2 of the Orcish Mines
 22451 | Orc:2    | Noticed Rupert
 22847 | Orc:2    | Noticed Donald
 22925 | Orc:2    | Reached skill level 5 in Conjurations
 23119 | Orc:2    | Offered knowledge of Iskenderun's Mystic Blast by Vehumet.
 23137 | Orc:1    | Learned a level 4 spell: Iskenderun's Mystic Blast
 23191 | Orc:2    | Killed Rupert
 23858 | Orc:2    | Found a staircase to the Elven Halls.
 26969 | D:13     | Found a gate to the Vaults.
 26985 | D:13     | Reached skill level 10 in Conjurations
 27233 | D:13     | Reached skill level 1 in Summonings
 27274 | D:14     | Found a frozen archway.
 27279 | D:14     | Offered knowledge of Yara's Violent Unravelling by Vehumet.
 27507 | D:14     | Reached XP level 15. HP: 93/93 MP: 16/37
 27549 | IceCv    | Entered an ice cave
 27726 | D:14     | Reached skill level 5 in Summonings
 28076 | D:14     | Noticed Agnes
 28083 | D:14     | Slain by Agnes

Illustrated notes

Levels and vault maps discovered:
D:1:      wander_arrival_fairy_ring, layout_loops_cross,
          serial_co_window_serial, co_window_paths_a, co_window_paths_a,
          co_window_paths_a, co_window_paths_a, co_window_paths_a,
          co_window_2corner, co_window_of_opportunity_b,
          co_window_of_opportunity_b, co_window_4corner_b, co_window_4corner_a,
          glass_columns_c, glass_columns_a, glass_columns_c, glass_columns_b,
          glass_columns_c, nicolae_shop_unique_rings, st_stairs_10,
          eino_curves_01, minmay_lizard_king
D:2:      layout_rooms, basic_altar
D:3:      layout_loops_ring
D:4:      layout_loops_cross, serial_park_tiny_2
D:5:      layout_rooms
D:6:      layout_rooms, dk_vineyard_3, uniq_grinder
D:7:      layout_basic, minmay_temple_entry_from_below_b,
          minmay_gold_behind_fungi
D:8:      layout_loops_ring, nicolae_overflow_hidden_temple
D:9:      layout_roguey, minmay_lair_entry_grove, uniq_harold
D:10:     layout_basic, mainiacjoe_overflow_cross_hatched, serial_ice,
          serial_ice_b, serial_ice_c, serial_ice_k, serial_ice_g, serial_ice_n,
          serial_ice_f, serial_ice_o
D:11:     layout_irregular_city, gammafunk_ghost_smash, nrook_mini_vaults
D:12:     layout_basic, erik_orc_3, enter_trove_6, uniq_maurice
D:13:     layout_irregular_city, hangedman_vaults_entry_quadrant_bands
D:14:     layout_basic, portal_ice_cave_entry_ice_simulacra,
          hangedman_glass_teeth, einodemon_armed_red_devil_minivault, uniq_agnes
Temple:   hellmonk_temple_divided_pantheon
Lair:1:   layout_roguey
Lair:2:   layout_misc_corridors, minmay_shoals_entry_centaurs,
          serial_bayou_shore_b
Lair:3:   layout_gridlike, dummy_spider_entry
Lair:4:   layout_loops_ring, slime_entry_1, chequers_serial_rivers_large_a,
          infiniplex_staircase_pool_2, grunt_megastairs_4
Lair:5:   guppyfry_lair_end_dragon, layout_gridlike, hangedman_lair_in_review,
          gammafunk_ghost_hydra_chop, serial_bayou_pond_c
Orc:1:    layout_diamond_mine, statue_in_the_mist_lemuel, mines4_lemuel
Orc:2:    st_orc_mages, layout_caves, uniq_rupert, uniq_donald

Skill      XL: |  1  2  3  4  5  6  7  8  9 10 11 12 13 14 15 |
---------------+----------------------------------------------+-----
Earth Magic    | 4 5 6 8 9 11 13 14 | 14.4
Spellcasting   | 4 5 6 7 9 11 13 15 16 | 16.7
Fighting       | 4 7 10 | 10.6
Dodging        | 6 11 14 15 | 15.0
Conjurations   | 10 | 10.0
Summonings     | 3 6 |  6.0
Stealth        | |  2.4
Transmutations | |  1.1

Action                     |  1- 3 |  4- 6 |  7- 9 | 10-12 | 13-15 || total
---------------------------+-------+-------+-------+-------+-------++-------
  Melee: Unarmed           |     1 |       |     1 |     3 |     2 ||     7
   Cast: Sandblast         |    58 |    37 |   128 |   380 |   288 ||   891
         Stone Arrow       |       |       |    12 |   110 |   454 ||   576
         Petrify           |       |       |       |     4 |     3 ||     7
         Mephitic Cloud    |       |       |       |     2 |     1 ||     3
         Iskenderun's Myst |       |       |       |       |     7 ||     7
         Spellforged Servi |       |       |       |       |     1 ||     1
    Use: Scroll            |       |       |       |    15 |    21 ||    36
         Potion            |       |       |       |     7 |     4 ||    11
   Stab: Petrified         |       |       |       |     2 |       ||     2
 Armour: Robe              |     4 |       |       |       |       ||     4
         Leather armour    |       |       |    33 |   174 |   114 ||   321
  Dodge: Dodged            |     8 |     5 |    48 |   256 |   359 ||   676

Table legend: (Time is in decaauts)
 A = Elapsed time spent in this place.
 B = Non-inter-level travel time spent in this place.
 C = Inter-level travel time spent in this place.
 D = Time resting spent in this place.
 E = Time spent auto-exploring this place.
 F = Levels seen in this place.
 G = Mean time per level.
                   A        B        C        D        E       F      G
               +--------+--------+--------+--------+--------+-----+--------+
         Total |  28606 |  26873 |   1733 |   8341 |  14086 |  23 | 1243.7 |
       Dungeon |  16373 |  15025 |   1348 |   3199 |   9413 |  14 | 1169.5 |
        Temple |     37 |     29 |      8 |      0 |      0 |   1 |   37.0 |
          Lair |   9062 |   8785 |    277 |   3385 |   4047 |   5 | 1812.4 |
  Orcish Mines |   3129 |   3030 |     99 |   1756 |    625 |   2 | 1564.5 |
      Ice Cave |      3 |      3 |      0 |      0 |      0 |   1 |    3.0 |
               +--------+--------+--------+--------+--------+-----+--------+

Top non-repeatable levels by time:
  Lair:5: 3383 daAuts
    D:12: 2721 daAuts
    D:13: 2540 daAuts
   Orc:1: 1790 daAuts
  Lair:4: 1647 daAuts
    D:10: 1542 daAuts
     D:9: 1398 daAuts
  Lair:1: 1364 daAuts
  Lair:2: 1364 daAuts
   Orc:2: 1339 daAuts
     D:1: 1330 daAuts
  Lair:3: 1303 daAuts
    D:11: 1085 daAuts
     D:7: 1013 daAuts
     D:8: 963 daAuts
